 Dungeon Crawl Stone Soup version 0.30-a0-219-gf2db51d15e (webtiles) character file.

Game seed: 16467250327295939850

289 KennySheep the Vexing (level 6, 0/35 HPs)
             Began as a Deep Elf Hexslinger on Oct 7, 2022.
             Was a Believer of Qazlal.
             Succumbed to a scorpion's poison
             ... on level 4 of the Dungeon.
             The game lasted 00:06:46 (3249 turns).

KennySheep the Vexing (Deep Elf Hexslinger)         Turns: 3249, Time: 00:06:46

Health: 0/35       AC:  2    Str:  7    XL:     6   Next: 9%
Magic:  12/13      EV: 13    Int: 24    God:    Qazlal [**....]
Gold:   123        SH:  3    Dex: 17    Spells: 6/11 levels left

rFire   + . .      SeeInvis .    a - +1 sling
rCold   + + .      Faith    .    (no shield)
rNeg    . . .      Spirit   .    c - +0 robe
rPois   +          Reflect  .    (no helmet)
rElec   +          Harm     .    (no cloak)
rCorr   +          Rampage  .    (no gloves)
Will    .....                    (no boots)
Stlth   +.........               (no amulet)
HPRegen 0.25/turn                j - ring of protection from cold
MPRegen 0.13/turn                m - +6 ring of intelligence

@: lethally poisoned (0 -> -3), resistant, attractive
A: no striking features
a: Renounce Religion, Upheaval


You were on level 4 of the Dungeon.
You worshipped Qazlal.
Qazlal was pleased with you.
You visited 1 branch of the dungeon, and saw 4 of its levels.

You collected 123 gold pieces.

Inventory:

Hand Weapons
 a - a +1 sling (weapon)
Armour
 c - a +0 robe (worn)
Jewellery
 j - a ring of protection from cold (left hand)
 m - a +6 ring of intelligence (right hand)
Scrolls
 b - 2 scrolls of poison
 d - a scroll of vulnerability {unknown}
 g - 3 scrolls of noise {unknown}
 i - a scroll of torment {unknown}
 l - a scroll of acquirement {unknown}
 o - a scroll of enchant weapon {unknown}
 q - a scroll of magic mapping {unknown}
Potions
 e - a potion of attraction
 f - a potion of flight {unknown}
 h - a potion of resistance
 k - a potion of heal wounds {unknown}
 n - a potion of ambrosia {unknown}
 p - a potion of curing {unknown}
 r - a potion of lignification {unknown}


   Skills:
 + Level 1.8 Fighting
 * Level 5.1 Ranged Weapons
 + Level 3.5 Dodging
 + Level 3.3 Spellcasting
 * Level 5.9 Hexes


You had 6 spell levels left.
You knew the following spells:

 Your Spells              Type           Power      Damage    Failure   Level
a - Slow                  Hex            100%       N/A       1%          1
b - Cause Fear            Hex            16%        N/A       9%          4

Your spell library contained the following spells:

 Spells                   Type           Power      Damage    Failure   Level
 Inner Flame              Hex/Fire       18%        N/A       10%         3
 Portal Projectile        Hex/Tloc       36%        N/A       10%         3
 Shock                    Conj/Air       16%        1d4       11%         1
 Swiftness                Air            4%         N/A       30%         3
 Airstrike                Air            2%         2d(1-17)  71%         4


Dungeon Overview and Level Annotations

Branches:
Dungeon (4/15)
 Temple: D:4-7

Altars:
Qazlal


Message History

The sling bullet hits the scorpion but does no damage.
The scorpion is moderately wounded.
The scorpion completely misses you.
You shoot a sling bullet.
The sling bullet closely misses the scorpion.
The scorpion barely misses you. x2
You shoot a sling bullet.
The sling bullet completely misses the scorpion.
You block the scorpion's attack.
You shoot a sling bullet.
The sling bullet hits the scorpion but does no damage.
The scorpion is moderately wounded.
The scorpion stings you.
You shoot a sling bullet.
The sling bullet barely misses the scorpion.
The scorpion stings you. x2
You shoot a sling bullet.
The sling bullet closely misses the scorpion.
The scorpion stings you.
You are poisoned.
The scorpion poisons you!
You shoot a sling bullet. The sling bullet hits the scorpion.
The scorpion is severely wounded.
You feel very sick. The scorpion barely misses you.
The scorpion struggles to resist.
You feel sick. The scorpion stings you!
* * * LOW HITPOINT WARNING * * *
You block the scorpion's attack.
You shoot a sling bullet. The sling bullet hits the scorpion.
The scorpion is severely wounded.
* * * LOW HITPOINT WARNING * * *
You feel sick. The scorpion stings you.
* * * LOW HITPOINT WARNING * * *
It was a potion of attraction.
You feel attractive to monsters.
* * * LOW HITPOINT WARNING * * *
You feel sick. The scorpion completely misses you.
It was a potion of resistance.
You feel protected.
You die...

#... ###... .#
#....#... ..#
#....#>.##..##..
#...?.......#.).
#...##..........
#s.###.........#
#@###..........#
#..............#
#.###..##......###
#......##.........
#.......#.....###@
#......##.....##..
#......##......##.
#.......#......#..
#..............#..


You could see a scorpion.

Vanquished Creatures
  Edmund (D:4)
  Terence (D:2)
  4 gnolls (D:2)
  4 adders
  3 dart slugs
  8 endoplasms
  3 giant cockroaches
  7 hobgoblins
  3 jackals (D:3)
  8 kobolds
  3 quokkas
  5 ball pythons
  9 bats
  7 frilled lizards
  4 goblins
  3 rats
73 creatures vanquished.

Notes
Turn   | Place    | Note
-------+----------+-------------------------------------------
     0 | D:1      | KennySheep the Deep Elf Hexslinger began the quest for the
                  | Orb.
     0 | D:1      | Reached XP level 1. HP: 11/11 MP: 5/5
   133 | D:1      | Found a faded altar of an unknown god.
   145 | D:1      | Prayed at the altar of an unknown god.
   145 | D:1      | Became a worshipper of Qazlal Stormbringer
   145 | D:1      | Reached * piety under Qazlal
   309 | D:1      | Reached XP level 2. HP: 16/16 MP: 4/6
   337 | D:1      | Reached skill level 1 in Fighting
   870 | D:2      | Reached XP level 3. HP: 14/20 MP: 8/8
  1134 | D:2      | Reached XP level 4. HP: 25/25 MP: 9/9
  1240 | D:2      | Reached skill level 5 in Hexes
  1321 | D:2      | Learned a level 4 spell: Cause Fear
  1365 | D:2      | Reached ** piety under Qazlal
  1397 | D:2      | Noticed Terence
  1408 | D:2      | Killed Terence
  2101 | D:3      | Reached XP level 5. HP: 14/29 MP: 9/11
  2980 | D:4      | Noticed Edmund
  3120 | D:4      | Killed Edmund
  3121 | D:4      | Reached skill level 5 in Ranged Weapons
  3121 | D:4      | Reached XP level 6. HP: 17/35 MP: 11/13
  3248 | D:4      | HP: 1/35 [poisoned by a scorpion]
  3249 | D:4      | Succumbed to a scorpion's poison

Illustrated notes

Levels and vault maps discovered:
D:1:      saegor_arrival_simple_d, layout_basic,
          shapermc_ecumenical_altar_pompeii,
          nicolae_concentric_dashed_squares_mild, nrook_mini_backslash
D:2:      layout_basic, uniq_terence
D:3:      layout_basic, item_on_display_a
D:4:      layout_cave_pools, nicolae_overflow_crystal_walls, vehumet_crystals,
          kennysheep_generic_room_16, uniq_edmund

Skill      XL: |  1  2  3  4  5 |
---------------+----------------+-----
Ranged Weapons | 3 4 5 |  5.1
Fighting       | 1 |  1.8
Spellcasting   | 2 3 |  3.3
Hexes          | 5 |  5.9
Dodging        | 3 |  3.5

Action                   |  1- 3 |  4- 6 || total
-------------------------+-------+-------++-------
 Fire: Sling             |   102 |   187 ||   289
 Cast: Slow              |    26 |    28 ||    54
  Use: Potion            |       |     2 ||     2
Armor: Robe              |    12 |     8 ||    20
Dodge: Dodged            |    34 |    54 ||    88
Block: Other             |     1 |     9 ||    10

Table legend: (Time is in decaauts)
 A = Elapsed time spent in this place.
 B = Non-inter-level travel time spent in this place.
 C = Inter-level travel time spent in this place.
 D = Time resting spent in this place.
 E = Time spent auto-exploring this place.
 F = Levels seen in this place.
 G = Mean time per level.
                   A        B        C        D        E       F      G
               +--------+--------+--------+--------+--------+-----+--------+
         Total |   3305 |   3225 |     80 |      0 |   2537 |   4 |  826.2 |
       Dungeon |   3305 |   3225 |     80 |      0 |   2537 |   4 |  826.2 |
               +--------+--------+--------+--------+--------+-----+--------+

Top non-repeatable levels by time:
     D:3: 1071 daAuts
     D:2: 1003 daAuts
     D:1: 845 daAuts
     D:4: 384 daAuts
